 Seeded DCSS version 0.26.1-11-gd32895ea62 (webtiles) character file.

Game seed: 13325850497146390053 (custom seed)

707 Zeld the Carver (level 8, 54/56 HPs)
             Began as a Human Gladiator on June 5, 2021.
             Was a Follower of the Shining One (penitent).
             Quit the game on level 5 of the Dungeon.
             The game lasted 00:06:56 (6051 turns).

Zeld the Carver (Human Gladiator)                   Turns: 6051, Time: 00:06:57

Health: 54/56      AC:  4    Str: 18    XL:     8   Next: 0%
Magic:  8/8        EV: 13    Int:  8    God:    the Shining One [*]
Gold:   114        SH:  0    Dex: 14    Spells: 7/7 levels left

rFire    . . .     SeeInvis +   a - +10 long sword of a Gauntlet {vamp, rElec rPois SInv}
rCold    . . .     Faith    .   (no shield)
rNeg     . . .     Spirit   .   b - +0 leather armour
rPois    +         Reflect  .   c - +0 helmet
rElec    +         Harm     .   (no cloak)
rCorr    .         Rampage  .   (no gloves)
Will     .....     Rnd*Tele +   (no boots)
Stlth    +.........             (no amulet)
HPRegen  0.18/turn              f - ring of teleportation (curse)
MPRegen  0.11/turn              (no ring)

@: no status effects
A: no striking features
a: Renounce Religion


You were on level 5 of the Dungeon.
You worshipped the Shining One.
The Shining One was demanding penance.
You visited 2 branches of the dungeon, and saw 6 of its levels.

You collected 114 gold pieces.

Inventory:

Hand Weapons
 a - the +10 long sword of a Gauntlet (weapon) {vamp, rElec rPois SInv}
   (You found it on level 5 of the Dungeon)

   It inflicts no extra harm, but heals its wielder when it wounds a living foe.
   It insulates you from electricity.
   It protects you from poison.
   It lets you see invisible.
   The Shining One disapproves of the use of such an item.
Missiles
 d - 3 throwing nets (quivered)
 s - 10 boomerangs
Armour
 b - a +0 leather armour (worn)
 c - a +0 helmet (worn)
Jewellery
 f - a cursed ring of teleportation (left hand)
Scrolls
 e - 3 scrolls of teleportation {unknown}
 g - a scroll of magic mapping {unknown}
 h - 6 scrolls of identify {unknown}
 m - a scroll of immolation {unknown}
 n - 2 scrolls of enchant armour {unknown}
 o - 2 scrolls of remove curse {unknown}
 u - a scroll of fog {unknown}
 v - a scroll of enchant weapon {unknown}
 w - a scroll of amnesia {unknown}
Potions
 i - 2 potions of cancellation {unknown}
 j - a potion of attraction {unknown}
 k - a potion of resistance {unknown}
 l - a potion of heal wounds {unknown}
 p - a potion of might {unknown}
 q - 2 potions of berserk rage {unknown}
 r - a potion of haste {unknown}
 t - a potion of flight {unknown}
 x - a potion of mutation {unknown}
 z - a potion of degeneration {unknown}


   Skills:
 - Level 2.0 Fighting
 * Level 8.8 Long Blades
 - Level 2.0 Throwing
 - Level 3.0 Dodging


You had 7 spell levels left.
You didn't know any spells.
Your spell library was empty.

Dungeon Overview and Level Annotations

Branches:
Dungeon (5/15)             Temple (1/1) D:4

Altars:
Ashenzari
Cheibriados
Dithmenos
Fedhas
Makhleb
Nemelex Xobeh
Okawaru
Qazlal
Sif Muna
Trog
Vehumet
Yredelemnul
Zin
The Shining One


Message History

Okay, then.
Really attack while wielding the +10 long sword of a Gauntlet {vamp, rElec rPois SInv}?
This could place you under penance! [Y]es or [N]o only, please.
Really attack while wielding the +10 long sword of a Gauntlet {vamp, rElec rPois SInv}?
This could place you under penance!
Okay, then.
Unknown command.
Really attack while wielding the +10 long sword of a Gauntlet {vamp, rElec rPois SInv}?
This could place you under penance!
You feel guilty. "You will pay for your transgression, mortal!"
Your divine halo fades away.
You slash the gnoll!
The gnoll is almost dead.
Okay, then.
You feel guilty. "You will pay for your transgression, mortal!"
You hit the gnoll.
You feel better.
You kill the gnoll!
You have reached level 8!
You feel stronger.
Are you sure you want to abandon this character and quit the game? (Confirm with "yes".)

##.#.#.#.#.#.#.#.#.#.#.#.#.#.#.)
##.#.#.#.#.#.#.#.#.#.#.#.#.#.#.#.
###.#.#.#.#.#.#.#.#.#.#.#.#.#.#'#
##.#.#.#.#.#.#.#.#.#.#.#.#.#.#...
.##.#.#.#.#.#.#.#.#Z#.#.#g#.#+...
..(#.#.#.#.#[#.#.#.#.#.#.#.#.#.Z.
.##.#.#.#.#.#.#....g#.#.#.#g#.#g#
...#.#.#.#.#.#.#...#.#.#.#.#.#.##
..#.#.#.#+#+#.#.@..+#.#.#.#.#.#.#
....####.....###>..####.#########
....# #.....# ##### #.# .##.#
#.....# ### ....# #.....# .#.##
#.....# ...# #.....# .#.# #######
...#


You could see a gnoll and a centaur skeleton.

Vanquished Creatures
  Sigmund (D:5)
  A sky beast (D:5)
  A centaur (D:5)
  A howler monkey (D:5)
  A bullfrog zombie (D:5)
  A bullfrog skeleton (D:4)
  Terence (D:2)
  A worker ant (D:5)
  A hound skeleton (D:4)
  3 gnolls (D:5)
  6 adders
  2 shadow imps (D:5)
  An ooze (D:4)
  A worm (D:4)
  2 dart slugs
  5 leopard geckos
  4 orcs
  3 ball pythons
  7 giant cockroaches
  7 goblins
  10 hobgoblins
  3 jackals (D:3)
  20 kobolds
  2 quokkas
  7 bats
  3 frilled lizards
  A quokka skeleton (D:4)
  10 rats
106 creatures vanquished.

Notes
Turn   | Place    | Note
-------+----------+-------------------------------------------
     0 | D:1      | Zeld the Human Gladiator began the quest for the Orb.
     0 | D:1      | Reached XP level 1. HP: 16/16 MP: 1/1
    54 | D:1      | Found a glowing golden altar of the Shining One.
    61 | D:1      | Became a worshipper of the Shining One
   254 | D:1      | Reached XP level 2. HP: 20/22 MP: 2/2
   574 | D:1      | Reached skill level 4 in Long Blades
   574 | D:1      | Reached XP level 3. HP: 22/27 MP: 3/3
  1298 | D:2      | Reached XP level 4. HP: 30/33 MP: 4/4
  1318 | D:2      | Found an iron altar of Okawaru.
  1445 | D:2      | Reached skill level 5 in Long Blades
  1499 | D:2      | Noticed Terence
  1508 | D:2      | Killed Terence
  1509 | D:2      | Reached XP level 5. HP: 38/38 MP: 5/5
  1737 | D:2      | Reached * piety under the Shining One
  2507 | D:4      | Reached skill level 6 in Long Blades
  2627 | D:4      | Found a staircase to the Ecumenical Temple.
  2636 | Temple   | Entered the Ecumenical Temple
  2945 | D:4      | Reached XP level 6. HP: 35/44 MP: 6/6
  3244 | D:4      | Found a broken altar of Ashenzari.
  3286 | D:4      | Found a shimmering blue altar of Sif Muna.
  3502 | D:5      | Entered Level 5 of the Dungeon
  3519 | D:5      | Noticed a sky beast
  3527 | D:5      | Killed a sky beast
  3528 | D:5      | Reached skill level 7 in Long Blades
  3702 | D:5      | Noticed Sigmund
  3747 | D:5      | HP: 1/44 [bullfrog zombie (3)]
  5025 | D:5      | Reached XP level 7. HP: 43/50 MP: 7/7
  5041 | D:5      | Killed Sigmund
  5042 | D:5      | Reached skill level 8 in Long Blades
  5133 | D:5      | Found a basalt altar of Yredelemnul.
  5450 | D:5      | Got a jewelled long sword
  6044 | D:4      | Identified the +10 long sword of a Gauntlet {vamp, rElec
                  | rPois SInv} (You found it on level 5 of the Dungeon)
  6049 | D:5      | Was placed under penance by the Shining One
  6051 | D:5      | Reached XP level 8. HP: 54/56 MP: 8/8
  6051 | D:5      | Quit the game

Illustrated notes

Levels and vault maps discovered:
D:1:      elethiomel_arrival_quiet, layout_basic, tso_altar
D:2:      layout_loops_cross, okawaru_ov_weapons_minmay, st_stairs_10,
          minmay_goblin_kobold_house, uniq_terence
D:3:      layout_rooms
D:4:      layout_gridville, kennysheep_little_box,
          lemuel_coloured_pillars_altar, minmay_temple_entry_arrows
D:5:      layout_basic, yredelemnul_altar_generic, uniq_sigmund
Temple:   compressed_dpeg_triangle_lava_temple

Skill      XL: |  1  2  3  4  5  6  7 |
---------------+----------------------+-----
Long Blades    | 4 5 6 7 8 |  8.8
Fighting       | |  2.0
Throwing       | |  2.0
Dodging        | |  3.0

Action                   |  1- 3 |  4- 6 |  7- 9 || total
-------------------------+-------+-------+-------++-------
Melee: Long sword        |    84 |   167 |    33 ||   284
  Use: Potion            |       |     1 |       ||     1
Armor: Leather armour    |    28 |    33 |     4 ||    65
Dodge: Dodged            |    65 |   128 |    27 ||   220
       Rpst.: Long sword |    17 |    40 |     8 ||    65
